 Dungeon Crawl Stone Soup version 0.25.0-9-g26727b6 (webtiles) character file.

Game seed: 8146245417113460145

1805 shmeve the Fighter (level 8, -3/74 HPs)
             Began as a Minotaur Berserker on June 20, 2020.
             Was a Priest of Trog.
             Slain by LeftStepLouie's ghost (15 damage)
             ... on level 6 of the Dungeon.
             The game lasted 00:11:29 (7345 turns).

shmeve the Fighter (Minotaur Berserker)             Turns: 7345, Time: 00:11:30

Health: -3/74      AC: 10    Str: 23    XL:     8   Next: 84%
Magic:  7/7        EV: 10    Int:  5    God:    Trog [***...]
Gold:   375        SH:  0    Dex: 10    Spells: 7/7 levels left

rFire    . . .     SeeInvis .   s - +0 war axe
rCold    . . .     Gourm    .   (no shield)
rNeg     . . .     Faith    .   w - +0 chain mail
rPois    +         Spirit   .   (helmet restricted)
rElec    .         Reflect  .   (no cloak)
rCorr    .         Harm     .   (no gloves)
MR       .....                  (no boots)
Stlth    ..........             (no amulet)
HPRegen  0.22/turn              t - ring of poison resistance
MPRegen  0.10/turn              (no ring)

@: berserk cooldown, slowed, very slow
A: retaliatory headbutt, horns 2
a: Berserk, Trog's Hand, Renounce Religion


You were on level 6 of the Dungeon.
You worshipped Trog.
Trog was most pleased with you.
You were hungry.

You visited 2 branches of the dungeon, and saw 7 of its levels.

You collected 411 gold pieces.
You spent 36 gold pieces at shops.

Inventory:

Hand Weapons
 s - a +0 war axe (weapon)
Missiles
 g - 8 javelins
 u - 3 boomerangs (quivered)
Armour
 w - a +0 chain mail (worn)
Jewellery
 t - a ring of poison resistance (left hand)
Wands
 p - a wand of flame (18)
 y - a wand of iceblast (7)
Scrolls
 a - a scroll of random uselessness {unknown}
 e - a scroll of blinking {unknown}
 f - 2 scrolls of identify
 h - 3 scrolls of teleportation {unknown}
 j - 2 scrolls of enchant armour {unknown}
 l - 2 scrolls of immolation {unknown}
 n - a scroll of fear {unknown}
 r - a scroll of amnesia {unknown}
 x - 2 scrolls of remove curse {unknown}
Potions
 d - 2 potions of might {unknown}
 i - a potion of lignification {unknown}
 k - 4 potions of curing
 m - 2 potions of resistance {unknown}
 o - a potion of cancellation {unknown}
 v - 3 potions of haste {unknown}
 z - a potion of heal wounds {unknown}
Comestibles
 b - a chunk of flesh
 c - 13 rations


   Skills:
 * Level 8.2 Fighting
 * Level 8.1 Axes
 + Level 4.1 Throwing
 + Level 5.7 Armour
 + Level 5.1 Dodging


You had 7 spell levels left.
You didn't know any spells.
Your spell library was empty.

Dungeon Overview and Level Annotations

Branches:
Dungeon (6/15)             Temple (1/1) D:4

Altars:
Gozag
Ru
Xom

Shops:
D:4 %   D:5 !

Annotations:
D:6 1 transporter, LeftStepLouie's ghost, novice MiBe


Innate Abilities, Weirdness & Mutations

You reflexively headbutt those who attack you in melee.
You have a pair of horns on your head.


Message History

You headbutt LeftStepLouie's ghost, but do no damage.
LeftStepLouie's ghost is almost destroyed.
You are no longer berserk.
You are exhausted.
You feel yourself slow down.
LeftStepLouie's ghost hits you but does no damage.
You hit LeftStepLouie's ghost but do no damage.
Your headbutt misses LeftStepLouie's ghost.
LeftStepLouie's ghost is almost destroyed.
LeftStepLouie's ghost barely misses you.
You hit LeftStepLouie's ghost.
LeftStepLouie's ghost is almost destroyed.
LeftStepLouie's ghost barely misses you.
LeftStepLouie's ghost hits you!
* * * LOW HITPOINT WARNING * * *
You hit LeftStepLouie's ghost.
Your headbutt misses LeftStepLouie's ghost.
LeftStepLouie's ghost is almost destroyed.
LeftStepLouie's ghost hits you!
You die...

.####.###.###..###
.####.###.# #....#
........#.# #÷.#.##
#####.#.#.###.....######(
#.#.#..(...©.©...?...
#.#...#############..
#####.#####....$?$....#!.
....... #..##)).##..#
#####5# #.#W.#@#..#.# #.
#.#..#W#..#.# #
#..##.O.##..# #
#©....©.....# #
############# ## #......#
.# #......# .## #.
######......## ..# #.
#............#


You could see an ogre and LeftStepLouie's ghost.

Vanquished Creatures
  Grinder (D:6)
  Menkaure (D:6)
  Edmund (D:6)
  Duvessa (D:6)
  An ice beast (D:6)
  A phantom (D:5)
  3 ogres (D:6)
  A centaur (D:5)
  Dowan (D:6)
  A scorpion (D:4)
  2 crimson imps (D:5)
  5 hounds
  4 orc priests
  A bullfrog skeleton (D:6)
  An iguana (D:6)
  5 orc wizards
  2 worker ants
  7 adders
  An adder skeleton (D:5)
  3 worms
  6 leopard geckos
  8 orcs
  10 bats
  5 giant cockroaches
  7 goblins
  9 hobgoblins
  4 jackals (D:3)
  10 kobolds
  6 quokkas
  3 ball pythons (D:3)
  3 frilled lizards
  15 rats
129 creatures vanquished.

Notes
Turn   | Place    | Note
-------+----------+-------------------------------------------
     0 | D:1      | shmeve the Minotaur Berserker began the quest for the Orb.
     0 | D:1      | Reached XP level 1. HP: 19/19 MP: 0/0
   174 | D:1      | Reached XP level 2. HP: 20/27 MP: 1/1
   543 | D:1      | Reached skill level 1 in Throwing
  1128 | D:2      | Reached XP level 3. HP: 30/33 MP: 2/2
  1509 | D:2      | Reached ** piety under Trog
  1882 | D:2      | Reached XP level 4. HP: 41/41 MP: 3/3
  2591 | D:3      | Reached XP level 5. HP: 47/47 MP: 4/4
  2886 | D:3      | Reached skill level 5 in Fighting
  3374 | D:3      | Reached skill level 5 in Axes
  3452 | D:4      | Reached XP level 6. HP: 26/56 MP: 5/5
  3618 | D:4      | Found a staircase to the Ecumenical Temple.
  3635 | Temple   | Entered the Ecumenical Temple
  3666 | D:4      | Found Jeore's Food Shoppe.
  4745 | D:5      | Entered Level 5 of the Dungeon
  4963 | D:5      | Reached XP level 7. HP: 13/63 MP: 6/6
  5463 | D:5      | Reached *** piety under Trog
  5774 | D:5      | Found Ygiafot's Distillery.
  5781 | D:5      | Bought a potion of curing for 36 gold pieces
  6425 | D:6      | Reached XP level 8. HP: 44/73 MP: 7/7
  6556 | D:6      | Noticed Menkaure
  6563 | D:6      | Noticed Dowan
  6563 | D:6      | Noticed Duvessa
  6568 | D:6      | Killed Menkaure
  6568 | D:6      | Reached skill level 5 in Armour
  6570 | D:6      | Killed Duvessa
  6571 | D:6      | Killed Dowan
  6591 | D:6      | Got a crystal hand crossbow
  6592 | D:6      | Identified the cursed +2 hand crossbow of Duty {speed, rN+}
                  | (You found it on level 6 of the Dungeon)
  6800 | D:6      | Noticed Edmund
  6819 | D:6      | Killed Edmund
  7096 | D:6      | Noticed Grinder
  7099 | D:6      | Paralysed by Grinder for 6 turns
  7113 | D:6      | Noticed LeftStepLouie's ghost (novice MiBe)
  7114 | D:6      | Found a transporter.
  7114 | D:6      | Found a transporter.
  7128 | D:6      | Killed Grinder
  7326 | D:6      | Reached skill level 5 in Dodging
  7345 | D:6      | Slain by LeftStepLouie's ghost

Illustrated notes

Levels and vault maps discovered:
D:1:      matt_arrival_spirals, layout_basic, chequers_big_river,
          serial_park_tiny_pond, chequers_serial_rivers_micro_a
D:2:      layout_basic
D:3:      minmay_skewed_foursquare, layout_basic, minmay_shallow_snake_nest
D:4:      layout_basic, minmay_temple_entry_waves, serial_shops, shop_fountains,
          lemuel_another_geyser
D:5:      layout_basic, first_ration, serial_shops, shop
D:6:      layout_basic, gammafunk_ghost_smash, uniq_duvessa, uniq_edmund,
          uniq_menkaure, uniq_grinder
Temple:   compressed_dpeg_circular_temple

Skill      XL: |  1  2  3  4  5  6  7  8 |
---------------+-------------------------+-----
Fighting       | 4 5 6 7 8 |  8.2
Throwing       | 1 2 3 4 |  4.1
Axes           | 4 5 6 8 |  8.1
Armour         | 3 4 5 |  5.7
Dodging        | 3 4 5 |  5.1

Action                   |  1- 3 |  4- 6 |  7- 9 || total
-------------------------+-------+-------+-------++-------
Melee: Hand axe          |    92 |    12 |       ||   104
       Headbutt          |     8 |    27 |    20 ||    55
       War axe           |       |   109 |   112 ||   221
Throw: Stone             |     4 |     1 |       ||     5
       Javelin           |       |     1 |       ||     1
       Boomerang         |       |       |    22 ||    22
Invok: Trog's Hand       |       |     4 |     5 ||     9
       Berserk           |       |     2 |     5 ||     7
  Use: Scroll            |       |       |     5 ||     5
 Stab: Sleeping          |       |     1 |       ||     1
  Eat: Chunk             |     3 |    12 |     8 ||    23
       Ration            |       |       |     2 ||     2
Armor: Animal skin       |    12 |    31 |    10 ||    53
       Chain mail        |       |       |     6 ||     6
Dodge: Dodged            |    60 |    76 |    57 ||   193
